 Dungeon Crawl Stone Soup version 0.26.1-11-gd32895ea62 (webtiles) character file.

Game seed: 4930873949413754223

1005 Kukuleta the Frost Mage (level 8, -5/52 HPs)
             Began as a Merfolk Ice Elementalist on July 10, 2021.
             Was an Initiate of Vehumet.
             Slain by a hornet zombie (9 damage)
             ... on level 5 of the Dungeon.
             The game lasted 00:26:33 (6931 turns).

Kukuleta the Frost Mage (Merfolk Ice Elementalist)  Turns: 6931, Time: 00:26:35

Health: -5/52      AC:  9    Str: 11    XL:     8   Next: 20%
Magic:  12/14      EV: 15    Int: 16    God:    Vehumet [......]
Gold:   300        SH:  0    Dex: 14    Spells: 8/15 levels left

rFire    . . .     SeeInvis +   x - +2 spear (venom)
rCold    . . .     Faith    .   (no shield)
rNeg     . . .     Spirit   .   a - +1 robe
rPois    .         Reflect  .   j - +1 helmet
rElec    .         Harm     .   (no cloak)
rCorr    .         Rampage  .   (no gloves)
Will     .....                  (no boots)
Stlth    ++........             (no amulet)
HPRegen  0.17/turn              y - ring of see invisible
MPRegen  0.14/turn              E - +4 ring of protection

@: frozen ramparts, very slightly contaminated, studying Stealth, invisible
A: change form in water, swift swim, stealthy swim, blink, strong 1, no potion
heal 1
a: Blink, Renounce Religion


You were on level 5 of the Dungeon.
You worshipped Vehumet.
Vehumet was noncommittal.
You visited 2 branches of the dungeon, and saw 6 of its levels.

You collected 300 gold pieces.

Inventory:

Hand Weapons
 d - a +1 dagger
 o - a +3 dagger
 x - a +2 spear of venom (weapon)
Armour
 a - a +1 robe (worn)
 j - a +1 helmet (worn)
Jewellery
 y - a ring of see invisible (left hand)
 A - an uncursed ring of stealth
 E - a +4 ring of protection (right hand)
Wands
 q - a wand of iceblast (2)
 r - a wand of polymorph (8)
 v - a wand of acid (9)
 C - a wand of paralysis (9)
 D - a wand of disintegration (11)
Scrolls
 b - 2 scrolls of enchant weapon
 c - a scroll of noise
 g - 3 scrolls of remove curse
 n - 2 scrolls of random uselessness
 t - a scroll of magic mapping {unknown}
 u - a scroll of fear {unknown}
Potions
 e - a potion of attraction
 f - 2 potions of resistance {unknown}
 i - 2 potions of berserk rage
 k - a potion of curing {unknown}
 l - 2 potions of flight {unknown}
 p - a potion of haste {unknown}
 s - 2 potions of mutation
 z - a potion of heal wounds {unknown}
Books
 B - a manual of Stealth


   Skills:
 + Level 3.5 Polearms
 + Level 6.2 Dodging
 - Level 2.2 Stealth
 + Level 4.3 Spellcasting
 * Level 8.2 Ice Magic


You had 8 spell levels left.
You knew the following spells:

 Your Spells              Type           Power        Failure   Level
a - Freeze                Ice            100%         1%          1
b - Frozen Ramparts       Ice            58%          1%          3
c - Ozocubu's Armour      Ice            29%          1%          3

Your spell library contained the following spells:

 Spells                   Type           Power        Failure   Level
 Hailstorm                Conj/Ice       16%          30%         4
 Summon Ice Beast         Ice/Summ       16%          30%         4


Dungeon Overview and Level Annotations

Branches:
Dungeon (5/15)             Temple (1/1) D:4

Altars:
Ashenzari
Cheibriados
Dithmenos
Elyvilon
Fedhas
Gozag
Hepliaklqana
Makhleb
Nemelex Xobeh
Okawaru
Qazlal
Trog
Vehumet
Wu Jian
Xom
Yredelemnul
The Shining One

Shops:
D:4 (


Innate Abilities, Weirdness & Mutations

You revert to your normal form in water.
You are very nimble and swift while swimming.
You are very stealthy in the water. (Stealth+)
You can translocate small distances at will.
Your muscles are strong. (Str +2)
Potions are less effective at restoring your health.


Message History

The walls around you are covered in ice.
The hornet zombie completely resists.
The wall freezes the hornet zombie but does no damage.
The hornet zombie barely misses you.
The hound skeleton bites you but does no damage.
Okay, then.
Okay, then.
You fade into invisibility!
The wall freezes the hornet zombie but does no damage.
The hornet zombie barely misses you.
The hound skeleton bites you but does no damage.
You are very lightly contaminated with residual magic.
You closely miss the hornet zombie.
The hornet zombie is severely damaged.
The hornet zombie completely resists.
The wall freezes the hornet zombie but does no damage.
The hornet zombie hits you but does no damage.
The hound skeleton barely misses you.
The hornet zombie resists.
The wall freezes the hornet zombie.
The hornet zombie hits you!
You die...

......## #...
......###.. ##
.......# ..
#....# . #....#
##. ##.##.#
..##..# #..##.#
#......###Z.###.
##...@.# .#
#.<#.Z.......
#.##...#..###
... #..##.##
##.. #..# > ##.
...# ## ##....#
.....


You could see a hornet zombie and a hound skeleton.

Vanquished Creatures
  The ghost of Mysteryquy the Chopper, a novice MiBe of Trog (D:4)
  Edmund (D:4)
  A phantom (D:3)
  An ice beast (D:4)
  A gnoll sergeant (D:4)
  A hound (D:4)
  An iguana (D:4)
  Terence (D:2)
  Robin (D:2)
  10 gnolls
  5 adders
  A shadow imp (D:2)
  2 oozes
  2 worms (D:4)
  2 dart slugs (D:3)
  3 leopard geckos
  2 orcs (D:3)
  2 giant cockroaches
  21 goblins
  6 hobgoblins
  6 jackals (D:2)
  9 kobolds
  2 ball pythons
  8 bats
  A frilled lizard (D:1)
  5 rats
96 creatures vanquished.

Vanquished Creatures (others)
  2 plants (D:4)
2 creatures vanquished.

Grand Total: 98 creatures vanquished

Notes
Turn   | Place    | Note
-------+----------+-------------------------------------------
     0 | D:1      | Kukuleta the Merfolk Ice Elementalist began the quest for
                  | the Orb.
     0 | D:1      | Reached XP level 1. HP: 13/13 MP: 3/3
   271 | D:1      | Reached XP level 2. HP: 19/19 MP: 5/5
   773 | D:1      | Reached skill level 5 in Ice Magic
   773 | D:1      | Reached XP level 3. HP: 20/24 MP: 4/6
   777 | D:1      | Learned a level 3 spell: Frozen Ramparts
   945 | D:1      | You fall into a shaft and drop 1 floor!
  1469 | D:2      | Found a bloodstained altar of Trog.
  1477 | D:2      | Found an opulent altar of Gozag.
  1482 | D:2      | Found a shadowy altar of Dithmenos.
  1488 | D:2      | Found a sparkling altar of Nemelex Xobeh.
  1903 | D:2      | Reached XP level 4. HP: 30/30 MP: 7/7
  1903 | D:2      | Noticed Robin
  2165 | D:2      | Noticed Terence
  2350 | D:2      | Killed Robin
  2684 | D:2      | Killed Terence
  2685 | D:2      | Reached XP level 5. HP: 35/35 MP: 4/9
  2944 | D:3      | Noticed a phantom
  3274 | D:3      | Reached skill level 6 in Ice Magic
  3963 | D:3      | Learned a level 3 spell: Ozocubu's Armour
  4839 | D:3      | Killed a phantom
  4840 | D:3      | Reached XP level 6. HP: 16/41 MP: 7/11
  5370 | D:4      | Identified the +1 buckler of Zalytouq {rElec}
  5412 | D:4      | Found a transporter.
  5418 | D:4      | Found a transporter.
  5450 | D:4      | Gained mutation: Your muscles are strong. (Str +2) [potion
                  | of mutation]
  5450 | D:4      | Gained mutation: Potions are less effective at restoring
                  | your health. [potion of mutation]
  5450 | D:4      | Gained mutation: You can translocate small distances at
                  | will. [potion of mutation]
  5457 | D:4      | Reached skill level 5 in Dodging
  5460 | D:4      | Reached skill level 7 in Ice Magic
  5713 | D:4      | Noticed Mysteryquy's ghost (novice MiBe)
  5843 | D:4      | Killed Mysteryquy's ghost
  5844 | D:4      | Reached XP level 7. HP: 32/46 MP: 1/13
  6256 | D:4      | Found Zyawn's Weapon Boutique.
  6283 | D:4      | Reached skill level 8 in Ice Magic
  6283 | D:4      | Reached XP level 8. HP: 52/52 MP: 11/14
  6363 | D:4      | Noticed Edmund
  6374 | D:4      | Killed Edmund
  6458 | D:4      | Found a staircase to the Ecumenical Temple.
  6496 | Temple   | Entered the Ecumenical Temple
  6566 | Temple   | Became a worshipper of Vehumet
  6874 | D:5      | Entered Level 5 of the Dungeon
  6931 | D:5      | Slain by a hornet zombie

Illustrated notes

Levels and vault maps discovered:
D:1:      sevenhm_arrival_forest_fort_large_4, layout_loops_cross
D:2:      layout_basic, grunt_temple_overflow_cloverleaf, grunt_ministairs_13,
          uniq_robin, uniq_terence
D:3:      layout_loops_ring
D:4:      layout_rooms, minmay_temple_entry_enclosed_plants, serial_shops,
          nicolae_shop_waterfront, gammafunk_ghost_gnarly_gnolls,
          minmay_door_square, kennysheep_generic_room_12, uniq_edmund
D:5:      layout_layer_cave, kennysheep_mini_moat, marbit_many_paths,
          old_standard_altar, serial_shops, shop, kennysheep_boxes
Temple:   nicolae_temple_god_jail

Skill      XL: |  1  2  3  4  5  6  7 |
---------------+----------------------+-----
Dodging        | 3 4 5 6 |  6.2
Ice Magic      | 5 6 7 8 |  8.2
Spellcasting   | 3 4 |  4.3
Polearms       | 2 3 |  3.5
Stealth        | |  2.2

Action                   |  1- 3 |  4- 6 |  7- 9 || total
-------------------------+-------+-------+-------++-------
Melee: Unarmed           |     5 |       |       ||     5
       Dagger            |    74 |   167 |       ||   241
       Spear             |       |     5 |    70 ||    75
 Cast: Freeze            |    23 |    29 |     1 ||    53
       Frozen Ramparts   |       |    13 |     2 ||    15
       Ozocubu's Armour  |       |     4 |     3 ||     7
  Use: Scroll            |     5 |     1 |     3 ||     9
       Potion            |       |     7 |     2 ||     9
 Stab: Sleeping          |     6 |     7 |       ||    13
Armor: Robe              |    26 |    54 |    23 ||   103
Dodge: Dodged            |    55 |   135 |    47 ||   237
